Map: Lightshade LE

Players

Snacks - Winner!

  • Race: Terran Terran
  • League: Master
  • Spawn Location: 11:00

Heeebster

  • Race: Protoss Protoss
  • League: Diamond
  • Spawn Location: 5:00

VOD

Have the link to the VOD?

Description

Time

  • Played on: Nov. 17, 2020, 12:36 p.m.
  • Length: 8:45
Show
View Real Time Build Order
Export as new Build Order

Snacks Terran - Winner!

Build Orders: Gas First Reaper Expand 

Get SALT Encoding   

  12  0:00  SCV  
  13  0:12  SCV  
  14  0:20  Supply Depot  
  14  0:24  SCV  
  14  0:28  Refinery  
  15  0:41  SCV  
  16  0:47  Barracks  
  16  0:53  SCV  
  17  1:07  SCV  
  18  1:19  SCV  
  19  1:35  Orbital Command  
  19  1:37  Reaper  
  20  1:43  Command Center  
  20  1:57  Factory  
  21  2:01  SCV  
  21  2:04  Refinery  
  21  2:09  Barracks Reactor  
  21  2:19  SCV  
  22  2:24  Supply Depot  
  22  2:31  SCV  
  23  2:55  Starport  
  26  2:58  Orbital Command  
  22  3:00  SCV  
  22  3:01  Hellion x2  
  22  3:03  Marine  
  29  3:12  SCV  
  29  3:21  Marine  
  29  3:24  SCV  
  29  3:25  SCV  
  32  3:27  Hellion  
  32  3:28  Hellion  
  36  3:35  Medivac  
  36  3:37  SCV  
  36  3:39  Marine  
  40  3:41  SCV  
  41  3:49  SCV  
  41  3:55  Widow Mine x2  
  46  4:04  Supply Depot  
  46  4:05  SCV  
  46  4:07  SCV  
  40  4:33  SCV x2  
  39  4:40  Barracks  
  39  4:43  Viking  
  39  4:44  Barracks  
  39  4:45  SCV x2, Barracks  
  42  4:46  Factory Tech Lab  
  42  4:47  Barracks Tech Lab  
  42  5:06  Marine, Stimpack  
  43  5:13  Hellion  
  46  5:14  SCV, Refinery  
  46  5:15  Refinery  
  46  5:24  Supply Depot  
  46  5:34  Supply Depot  
  46  5:35  Supply Depot  
  46  5:40  Cyclone, Marine, Viking, SCV x2  
  54  5:46  Marine x2  
  54  5:48  Supply Depot  
  56  5:52  SCV x2  
  58  5:58  Marine  
  58  6:00  Mag-Field Accelerator  
  58  6:03  Marine x2  
  59  6:04  SCV x2  
  59  6:10  Engineering Bay  
  61  6:15  Marine  
  61  6:16  SCV x2  
  64  6:23  Barracks Reactor x2  
  66  6:31  Cyclone  
  67  6:33  SCV x2  
  67  6:37  Viking x2  
  67  6:38  Missile Turret  
  67  6:39  Marine  
  74  6:40  Barracks Reactor  
  74  6:45  Combat Shield, SCV x2  
  68  6:57  SCV  
  68  7:00  Marine x2  
  68  7:01  Marine x3  
  73  7:07  Viking x2  
  78  7:11  Cyclone  
  81  7:16  Marine x2  
  83  7:27  SCV x2  
  85  7:31  Supply Depot  
  85  7:34  Marine  
  86  7:45  Missile Turret  
  86  7:52  Marine x5, SCV x2  
  93  8:03  Marine  
  93  8:04  Command Center  
  94  8:13  Marine x2  
  84  8:24  SCV  
  84  8:25  SCV, Marine x5  
  90  8:30  Missile Turret  
Show
View Real Time Build Order
Export as new Build Order

Heeebster Protoss 

Build Orders: 1 Gate Expand, Oracle Opening 

Get SALT Encoding   

  12  0:01  Probe  
  13  0:14  Pylon  
  13  0:18  Probe (Chrono Boost)  
  14  0:31  Probe (Chrono Boost)  
  15  0:38  Gateway  
  15  0:40  Probe (Chrono Boost)  
  16  0:45  Assimilator  
  16  0:47  Probe  
  17  0:53  Assimilator  
  17  0:59  Probe  
  18  1:12  Probe  
  19  1:24  Probe  
  20  1:33  Nexus  
  20  1:46  Cybernetics Core  
  20  1:48  Probe  
  21  1:57  Pylon  
  21  2:00  Probe  
  22  2:12  Probe  
  23  2:20  Stalker (Chrono Boost)  
  21  2:22  Warp Gate  
  25  2:25  Stargate  
  25  2:30  Probe  
  26  2:42  Stalker  
  27  2:48  Probe  
  27  2:58  Probe (Chrono Boost)  
  27  3:03  Probe (Chrono Boost)  
  29  3:06  Oracle (Chrono Boost)  
  29  3:10  Probe (Chrono Boost)  
  34  3:16  Probe (Chrono Boost)  
  34  3:17  Probe (Chrono Boost)  
  34  3:19  Pylon  
  35  3:24  Probe (Chrono Boost)  
  37  3:30  Probe (Chrono Boost)  
  37  3:32  Probe (Chrono Boost)  
  38  3:36  Oracle  
  38  3:41  Assimilator  
  41  3:50  Stargate  
  41  3:53  Probe (Chrono Boost)  
  43  3:56  Probe (Chrono Boost)  
  44  4:04  Probe (Chrono Boost)  
  44  4:08  Probe (Chrono Boost)  
  44  4:09  Probe (Chrono Boost)  
  46  4:17  Probe  
  46  4:19  Probe  
  42  4:31  Probe (Chrono Boost), Void Ray x2  
  42  4:32  Probe (Chrono Boost)  
  51  4:42  Probe (Chrono Boost)  
  51  4:45  Probe (Chrono Boost)  
  53  4:47  Probe (Chrono Boost)  
  53  4:51  Shield Battery  
  54  4:52  Pylon  
  54  4:53  Probe (Chrono Boost)  
  52  5:01  Probe (Chrono Boost)  
  52  5:05  Probe (Chrono Boost)  
  47  5:13  Pylon, Probe (Chrono Boost)  
  49  5:14  Probe (Chrono Boost)  
  50  5:21  Probe (Chrono Boost)  
  50  5:27  Probe (Chrono Boost)  
  51  5:29  Probe (Chrono Boost), Protoss Air Weapons Level 1  
  51  5:31  Assimilator  
  51  5:33  Pylon  
  51  5:34  Probe  
  53  5:36  Probe, Void Ray  
  58  5:43  Void Ray  
  58  5:46  Probe (Chrono Boost)  
  58  5:49  Probe (Chrono Boost)  
  64  5:58  Probe (Chrono Boost)  
  66  6:05  Probe (Chrono Boost)  
  66  6:06  Probe (Chrono Boost)  
  67  6:12  Probe x2  
  69  6:24  Probe x2  
  71  6:26  Nexus  
  71  6:27  Pylon  
  71  6:33  Fleet Beacon  
  71  6:35  Pylon  
  71  6:42  Probe x2  
  71  6:45  Void Ray (Chrono Boost)  
  73  6:47  Void Ray (Chrono Boost)  
  73  6:54  Probe x2  
  83  7:05  Shield Battery  
  83  7:07  Shield Battery  
  83  7:08  Shield Battery  
  83  7:09  Flux Vanes, Shield Battery  
  83  7:12  Pylon  
  83  7:15  Probe  
  83  7:16  Probe  
  85  7:28  Probe x2  
  87  7:30  Shield Battery  
  87  7:34  Pylon  
  87  7:40  Probe (Chrono Boost)  
  90  7:45  Probe (Chrono Boost)  
  90  7:46  Probe (Chrono Boost)  
  90  7:49  Probe (Chrono Boost)  
  97  7:53  Probe (Chrono Boost)  
  104  8:01  Probe x2  
  104  8:04  Assimilator, Probe  
  107  8:07  Assimilator  
  107  8:13  Probe x2  
Tags
 
Add a new tag
Caveats
  • Supply blocks, unpowered buildings, or Contaminate may cause inaccurate times.
  • Supply counts are checked every 10 seconds.